Map: Ruins of Seras

Players

Itzwil - Winner!

  • Race: Terran Terran
  • League: Master

Hymirth

  • Race: Protoss Protoss
  • League: Master

VOD

Have the link to the VOD?

Description

Time

  • Played on: Dec. 6, 2015, 9:30 p.m.
  • Length: 38:08
Show
View Real Time Build Order
Export as new Build Order

Itzwil Terran - Winner!

Build Orders: Reaper Expand, MMM Bio 

Get SALT Encoding   

  12  0:00  SCV  
  13  0:12  SCV  
  14  0:19  Supply Depot  
  14  0:24  SCV  
  15  0:40  SCV  
  15  0:42  Barracks  
  16  0:47  Refinery  
  16  0:53  SCV  
  17  1:05  SCV  
  18  1:17  SCV  
  19  1:30  Orbital Command  
  19  1:31  Reaper  
  20  1:50  Command Center  
  20  1:57  SCV  
  20  2:00  Supply Depot  
  21  2:04  Barracks Reactor  
  21  2:09  SCV  
  22  2:21  SCV  
  23  2:24  Barracks  
  23  2:33  SCV  
  23  2:35  Factory  
  24  2:43  Marine  
  25  2:45  SCV  
  25  2:47  Bunker, Marine  
  27  3:02  Marine  
  27  3:05  Marine  
  28  3:14  Orbital Command  
  28  3:20  Factory Tech Lab  
  28  3:21  Barracks Tech Lab, Refinery  
  28  3:22  SCV  
  28  3:24  Marine  
  30  3:29  Supply Depot  
  30  3:34  SCV  
  30  3:39  SCV, Marine x2  
  34  3:44  Cyclone  
  34  3:47  SCV  
  38  3:52  SCV, Marine  
  40  3:59  SCV  
  38  4:04  SCV  
  36  4:11  SCV  
  37  4:18  Marine x2  
  37  4:19  Marine  
  37  4:21  SCV, Stimpack  
  37  4:23  SCV  
  42  4:33  SCV  
  42  4:35  SCV  
  42  4:36  Marine x2  
  46  4:40  Marine  
  46  4:43  Starport  
  47  4:48  SCV x2  
  49  4:54  Marine x2  
  49  4:58  Marine  
  49  4:59  Engineering Bay  
  52  5:01  SCV  
  52  5:02  SCV  
  54  5:19  Supply Depot  
  54  5:21  Supply Depot, Starport Reactor  
  54  5:31  Factory Reactor  
  54  5:33  Missile Turret  
  54  5:34  Terran Infantry Weapons Level 1  
  54  5:40  SCV, Marine x3  
  54  5:41  SCV  
  59  5:44  Command Center  
  59  5:53  SCV x2  
  61  5:58  Marine  
  61  5:59  Refinery  
  61  6:00  Refinery  
  61  6:01  Engineering Bay  
  61  6:02  Medivac  
  65  6:05  SCV  
  65  6:06  Medivac  
  65  6:09  SCV, Marauder  
  70  6:16  Supply Depot  
  70  6:17  Supply Depot  
  70  6:31  Combat Shields  
  70  6:34  Terran Infantry Armor Level 1  
  70  6:37  Marine x2  
  70  6:38  SCV x2, Marauder  
  76  6:40  Widow Mine x2  
  80  6:47  Medivac  
  80  6:50  SCV x2  
  84  6:55  Missile Turret, Marine x2  
  84  6:59  Marine  
  84  7:03  SCV, Orbital Command  
  84  7:04  SCV  
  86  7:12  Barracks  
  86  7:13  Marine  
  86  7:15  SCV  
  88  7:16  Barracks  
  88  7:20  SCV, Armory  
  88  7:21  Marine  
  88  7:22  Marine  
  90  7:29  SCV  
  92  7:31  Marine  
  92  7:39  Marine  
  92  7:40  Marine  
  87  7:49  Marine  
  87  7:51  SCV x2  
  84  7:52  SCV  
  84  7:57  Orbital Command, Marine  
  84  7:58  Marine, Widow Mine x2, Medivac x2  
  89  8:03  SCV x2  
  89  8:04  Barracks Tech Lab  
  97  8:06  Barracks Reactor, Marine  
  97  8:07  Marauder  
  99  8:14  Marine  
  99  8:15  Terran Infantry Weapons Level 2  
  99  8:16  SCV  
  101  8:48  Supply Depot x2  
  101  8:59  Terran Infantry Armor Level 2  
  101  9:02  Barracks x2  
  101  9:03  Barracks  
  101  9:06  Marine  
  101  9:07  SCV x3, Widow Mine, Marine x2  
  101  9:08  Marine x2  
  101  9:09  Marauder, Medivac, Widow Mine  
  101  9:19  SCV x3  
  104  9:24  Marine  
  104  9:25  Marine  
  104  9:26  Marine x2  
  104  9:30  Marine  
  104  9:31  SCV x2  
  109  9:32  SCV  
  109  9:35  Concussive Shells  
  109  9:42  Marine x2  
  109  9:43  SCV x2, Marine x2  
  109  9:44  SCV, Marine  
  116  9:48  Marine  
  116  9:49  Widow Mine  
  116  9:51  Widow Mine  
  117  9:58  Barracks Tech Lab  
  117  9:59  Barracks Reactor, Barracks Tech Lab  
  117  10:04  Medivac x2, Marine x4  
  117  10:05  Supply Depot  
  117  10:07  Supply Depot  
  125  10:08  Supply Depot  
  125  10:12  Command Center  
  125  10:17  Marine x2  
  123  10:22  Marine  
  123  10:23  Marine  
  123  10:27  Marine  
  126  10:30  Supply Depot  
  126  10:31  Supply Depot x2  
  124  10:36  Terran Infantry Weapons Level 3, Marauder x2  
  124  10:39  Ghost Academy, Marine x3  
  124  10:40  Widow Mine x2, Marauder  
  124  10:41  Medivac x2  
  141  10:44  Supply Depot x2  
  141  10:45  Marine x3  
  144  10:54  Marine  
  144  10:57  Marine x5  
  145  11:02  Marauder  
  145  11:03  Marine  
  153  11:05  Starport, Terran Ship Weapons Level 1  
  153  11:06  Starport  
  153  11:09  Starport x2, Widow Mine x2  
  157  11:24  Marine  
  157  11:25  Marine x8  
  156  11:26  Marauder  
  140  11:42  Marine  
  140  11:43  Marauder x3, Marine x4  
  151  11:47  Starport Reactor x2, Marauder  
  151  11:51  Liberator  
  153  11:55  Starport Reactor  
  153  12:02  Marine  
  153  12:03  Marine x5  
  153  12:04  Marine  
  153  12:06  Starport Reactor  
  164  12:09  Liberator x2  
  171  12:22  Refinery  
  171  12:24  Command Center  
  171  12:27  Marine x8  
  171  12:28  Marine  
  178  12:31  Liberator x2  
  178  12:38  Marine  
  179  12:47  Marine  
  179  12:48  Liberator  
  186  12:55  Refinery  
  172  13:15  Liberator x3  
  172  13:25  Marine x10  
  175  13:31  Liberator  
  151  13:40  Liberator  
  136  13:43  Marine x10  
  132  14:00  Marine, Liberator  
  132  14:01  Marine x8  
  132  14:02  Marauder  
  131  14:18  Marine  
  131  14:19  Marine x8  
  131  14:22  Marine  
  139  14:36  Marine  
  139  14:37  Command Center, Liberator, Marine x7  
  147  14:42  Terran Infantry Armor Level 3, Liberator  
  147  14:43  Marine x2  
  149  14:54  Marine x7  
  149  14:55  Liberator, Marine  
  149  14:59  Refinery  
  163  15:01  Refinery, Marine  
  164  15:10  Orbital Command x2  
  164  15:14  Marine x5  
  168  15:19  Marine  
  177  15:22  Ghost  
  177  15:25  Marine x3  
  178  15:30  Refinery  
  178  15:31  Refinery  
  178  15:32  Marine x2  
  178  15:34  Terran Ship Weapons Level 2  
  180  16:03  Liberator  
  180  16:04  Liberator x3  
  149  16:19  Marine x8  
  149  16:22  Marine x2  
  140  16:36  Marine  
  140  16:37  Marine x7  
  140  16:39  Marine  
  138  16:40  Marine  
  144  16:54  Marine  
  144  16:55  Marauder x2, Marine x5  
  144  17:00  Marine  
  137  17:08  Viking  
  137  17:09  Viking x9  
  137  17:13  Ghost  
  158  17:24  Marine x9  
  167  17:42  Refinery, Marine x3  
  167  17:43  Marauder x2  
  174  17:44  Refinery  
  174  17:45  Viking  
  174  17:46  Viking x3  
  174  17:47  Marine  
  177  18:14  Liberator  
  177  18:19  Marine x10  
  141  18:37  Marine x9  
  141  18:38  Marauder  
  130  18:47  Liberator x2  
  124  18:54  Marine  
  124  18:55  Marine x8  
  128  18:59  Marine  
  126  19:17  Marine x9  
  120  19:18  Marine  
  120  19:22  Liberator x2  
  118  19:34  Marine  
  118  19:35  Marine x8  
  114  19:41  Viking  
  120  20:01  Orbital Command  
  120  20:03  Marine  
  120  20:04  Marine x9  
  120  20:05  Orbital Command  
  130  20:11  Command Center  
  130  20:20  Liberator x5  
  130  20:21  Marine  
  130  20:22  Marauder x2, Marine  
  130  20:23  Orbital Command  
  136  20:35  SCV x2  
  138  20:36  Marine x6  
  138  20:39  Viking  
  160  20:44  Terran Ship Weapons Level 3, Marauder x2  
  164  20:56  Ghost x2  
  164  20:57  Marine x5  
  171  21:11  Marine  
  171  21:12  Marine x2  
  171  21:14  Marine x2  
  171  21:15  Viking x3, Marine x2  
  171  21:17  Marine  
  189  21:25  Marauder x2  
  189  21:26  Orbital Command  
  189  21:29  Marine  
  189  21:30  Marauder, Marine  
  193  21:38  Hellion  
  195  21:40  Viking x2  
  196  21:56  Ghost, Marine  
  198  22:16  Liberator x2  
  198  22:20  Medivac x5  
  179  22:23  Ghost x3  
  179  22:25  Ghost, Marine x6  
  199  22:41  Command Center  
  199  22:43  Marine  
  178  23:58  Marauder, Liberator x3  
  178  23:59  Marauder x3, Liberator x4, Marine x2  
  185  24:16  Marine  
  185  24:17  Marine x5  
  170  24:18  Liberator x3  
  170  24:19  Marine x2  
  170  24:20  Marine x2  
  144  24:34  Marine x3  
  144  24:35  Marine x3  
  144  24:37  Marauder  
  148  24:41  Liberator  
  148  24:44  Marine x3  
  136  24:54  Marine  
  136  24:55  Marine x5  
  136  24:57  Widow Mine x2  
  136  24:58  Viking x2, Marine  
  154  25:01  Marine  
  154  25:02  Marine x2  
  154  25:05  Liberator x4  
  157  25:09  Liberator x2  
  157  25:12  Marine  
  157  25:13  Marine x2  
  142  25:23  Liberator x3  
  142  25:25  Widow Mine  
  158  25:42  Marine x9  
  157  25:43  Marine  
  166  25:53  Liberator  
  166  25:54  Liberator x6  
  166  25:57  Orbital Command  
  166  26:01  Marauder x2  
  170  26:05  Terran Vehicle And Ship Armor Level 1  
  176  26:12  Marine  
  176  26:13  Marine x7  
  199  26:22  Marine  
  200  26:34  Liberator x3  
  200  26:36  Liberator  
  175  26:40  Liberator x4  
  175  26:41  Marine x8  
  175  26:42  Marine x2  
  189  26:59  Marine x8  
  189  27:00  Liberator x2, Marauder x2  
  180  27:16  Marine  
  180  27:17  Marine x6  
  180  27:18  Marauder  
  180  27:21  Marauder  
  191  27:25  Marine  
  192  27:30  Liberator  
  192  27:31  Liberator  
  192  27:36  Marauder  
  194  27:40  Liberator x2  
  194  27:41  Liberator x3  
  179  27:45  Liberator  
  179  27:58  Marine x3  
  169  27:59  Marauder, Marine x6  
  160  28:11  Liberator x2  
  150  28:13  Liberator x2  
  150  28:16  Marine  
  150  28:17  Marauder  
  149  28:23  Liberator x3  
  127  28:29  Marine  
  127  28:30  Marine x4  
  144  28:58  Marine  
  144  28:59  Marauder, Marine x8  
  149  29:05  Viking  
  149  29:09  Viking  
  153  29:16  Ghost x2, Marine x3  
  159  29:28  Orbital Command  
  156  29:32  Marine x3  
  156  29:33  Marine x2  
  156  29:34  Viking x2, Marine x3  
  156  29:35  Viking x3  
  174  29:44  Liberator x3  
  174  29:46  Marauder x2  
  174  29:50  Ghost x2, Medivac  
  184  30:02  Marine  
  184  30:06  Ghost  
  196  30:23  Ghost  
  196  30:24  Ghost  
  189  31:42  Ghost x4  
  197  31:54  Marine  
  196  31:58  Refinery x2  
  196  31:59  Refinery  
  196  32:00  Refinery  
  196  32:16  Command Center  
  174  32:49  Ghost  
  131  33:03  Marine x5  
  131  33:04  Marine x4  
  86  33:17  Liberator x2  
  86  33:18  Marine  
  69  33:21  Marine x4  
  69  33:22  Marauder x3  
  79  33:31  Marine  
  79  33:32  Marine  
  81  33:36  Marine  
  81  33:39  Marine x2  
  81  33:40  Marine x2  
  92  33:43  Marine  
  92  33:49  Marine  
  92  33:51  Marine  
  92  33:52  Marine x2  
  92  33:54  Marine  
  90  33:56  Marine  
  90  33:57  Marine  
  90  33:58  Orbital Command, Marine x2  
  93  34:07  Marine  
  93  34:09  Marine  
  95  34:10  Marine  
  95  34:12  Marine  
  95  34:15  Marine, Marauder x2  
  95  34:16  Marine x3  
  104  34:17  Medivac x2  
  104  34:22  Orbital Command  
  107  34:25  Marauder  
  107  34:30  Marauder  
  107  34:32  Marine x2  
  107  34:33  Marine  
  107  34:34  Marine x3  
  107  34:37  Marauder x2  
  117  34:39  Barracks  
  117  34:40  Barracks  
  117  34:41  Barracks  
  117  34:42  Barracks  
  117  34:44  Barracks x2  
  117  34:46  Marine  
  117  34:50  Marine x2  
  117  34:51  Marine  
  116  34:53  Marine  
  116  34:56  Marine x3  
  116  34:57  Marine  
  116  34:58  Marauder  
  122  35:03  Medivac x2  
  122  35:04  Marine  
  124  35:08  Marine x2  
  124  35:09  Marine  
  124  35:11  Marine  
  124  35:14  Marine x3  
  125  35:15  Marine  
  125  35:19  Marine  
  130  35:22  Marine  
  130  35:24  SCV x2  
  130  35:25  SCV x2  
  130  35:26  Marine x3  
  136  35:29  Marine  
  136  35:32  Marine  
  136  35:34  Medivac  
  137  35:47  Marine x4  
  137  35:48  Marine x8  
  114  35:58  Marine  
  111  36:07  Marine  
  111  36:08  Marine x7  
  118  36:15  Marine, Medivac x2  
  118  36:16  Marine x7  
  130  36:25  Marine x3  
  131  36:30  Marine x3  
  103  36:41  Marine  
  103  36:42  Marine x7  
  90  36:52  Marine x6  
  82  37:14  Marine x4  
  82  37:15  Marine x12  
  86  37:32  Marine x10  
  86  37:33  Marine x6  
  96  37:50  Marine  
Show
View Real Time Build Order
Export as new Build Order

Hymirth Protoss 

Build Orders: 1 Gate Expand 

Get SALT Encoding   

  12  0:01  Probe (Chrono Boost)  
  13  0:11  Probe (Chrono Boost)  
  14  0:18  Pylon  
  14  0:22  Probe (Chrono Boost)  
  15  0:36  Probe (Chrono Boost)  
  15  0:39  Gateway  
  16  0:47  Probe (Chrono Boost)  
  16  0:49  Assimilator  
  17  0:58  Probe (Chrono Boost)  
  18  1:08  Probe (Chrono Boost)  
  19  1:25  Nexus  
  19  1:36  Cybernetics Core  
  19  1:39  Probe (Chrono Boost)  
  20  1:46  Pylon  
  20  1:50  Probe (Chrono Boost)  
  21  1:55  Assimilator  
  21  2:01  Probe (Chrono Boost)  
  22  2:12  Mothership Core (Chrono Boost)  
  24  2:20  Adept  
  26  2:30  Warp Gate  
  26  2:31  Probe (Chrono Boost)  
  27  2:37  Probe (Chrono Boost)  
  27  2:41  Probe (Chrono Boost)  
  29  2:47  Adept  
  29  2:48  Probe (Chrono Boost)  
  32  2:53  Twilight Council  
  32  2:54  Probe (Chrono Boost)  
  34  2:58  Probe (Chrono Boost)  
  34  3:05  Probe (Chrono Boost)  
  35  3:09  Probe (Chrono Boost)  
  35  3:15  Probe (Chrono Boost)  
  35  3:19  Probe (Chrono Boost)  
  37  3:20  Adept  
  37  3:24  Robotics Facility  
  37  3:26  Probe (Chrono Boost)  
  40  3:29  Probe (Chrono Boost), Pylon  
  41  3:34  Resonating Glaives (Chrono Boost)  
  41  3:37  Probe  
  41  3:38  Probe  
  43  3:49  Probe x2  
  45  4:00  Probe  
  45  4:01  Probe  
  45  4:10  Probe  
  45  4:13  Probe  
  47  4:17  Pylon  
  47  4:20  Assimilator  
  47  4:21  Probe  
  46  4:24  Assimilator  
  46  4:25  Probe  
  47  4:31  Probe  
  47  4:32  Stargate  
  47  4:34  Pylon  
  47  4:37  Probe  
  49  4:39  Adept  
  49  4:44  Gateway  
  49  4:45  Probe, Observer, Gateway  
  52  4:47  Gateway  
  52  4:52  Probe  
  54  4:57  Probe  
  55  5:03  Adept  
  57  5:09  Templar Archives  
  57  5:10  Nexus  
  57  5:12  Pylon  
  57  5:15  Void Ray (Chrono Boost)  
  57  5:20  Pylon  
  61  5:24  Probe x2  
  63  5:29  Forge  
  63  5:33  Pylon  
  63  5:34  Probe  
  63  5:39  Adept, Pylon  
  63  5:42  Adept  
  68  5:46  Adept  
  68  5:49  Psionic Storm  
  70  5:59  Probe, Void Ray (Chrono Boost)  
  75  6:07  Probe  
  75  6:08  High Templar  
  75  6:09  Adept  
  75  6:10  Adept  
  82  6:15  Probe  
  82  6:18  Probe, Assimilator  
  83  6:20  Probe, Assimilator  
  85  6:27  Probe  
  85  6:29  Probe  
  85  6:30  Protoss Ground Armor Level 1  
  85  6:31  Probe, Photon Cannon  
  88  6:37  Photon Cannon  
  88  6:39  Probe x2  
  89  6:40  High Templar  
  89  6:46  Probe, Void Ray  
  96  6:51  Probe  
  96  6:54  Probe  
  98  6:56  Probe  
  100  7:03  Probe, High Templar  
  100  7:04  Probe  
  100  7:07  Gateway x2  
  104  7:10  Gateway, High Templar  
  104  7:11  Pylon  
  104  7:13  Probe  
  107  7:20  Probe  
  110  7:23  Stargate  
  110  7:29  Adept x2  
  107  7:39  Adept  
  101  7:50  Adept  
  101  7:51  Adept  
  103  7:53  Probe  
  103  7:55  Probe  
  103  7:59  High Templar  
  103  8:00  High Templar  
  103  8:01  Probe  
  108  8:06  Void Ray  
  108  8:07  Mothership Core, Probe  
  115  8:17  Protoss Air Weapons Level 1  
  115  8:21  Pylon  
  115  8:23  Probe, Nexus, Robotics Facility  
  115  8:25  Pylon  
  115  8:26  Pylon  
  116  8:31  Photon Cannon  
  116  8:32  Photon Cannon  
  116  8:38  Pylon  
  116  8:40  Fleet Beacon  
  116  8:41  Void Ray  
  116  8:47  Assimilator  
  120  8:53  Probe, Assimilator  
  121  8:56  Void Ray  
  125  9:07  Archon  
  125  9:08  Adept x2  
  125  9:09  Adept x2  
  122  9:20  Photon Cannon  
  122  9:33  Adept x2  
  122  9:34  Adept  
  122  9:36  High Templar x2  
  126  9:43  Protoss Ground Weapons Level 1 (Chrono Boost)  
  126  9:44  Void Ray  
  128  9:53  Photon Cannon  
  128  9:54  Void Ray, Photon Cannon  
  128  9:55  Probe x3  
  128  9:56  Probe  
  128  9:57  Pylon  
  136  10:06  Probe x2  
  136  10:07  Adept x3  
  136  10:08  Adept  
  136  10:09  Probe  
  136  10:10  High Templar  
  136  10:14  High Templar  
  151  10:22  Probe  
  151  10:23  Probe  
  151  10:28  Carrier  
  149  10:31  Probe x2  
  149  10:32  Probe  
  158  10:38  Photon Cannon  
  158  10:39  Carrier  
  158  10:41  Photon Cannon  
  164  10:43  Photon Cannon  
  164  10:48  Graviton Catapult  
  164  10:59  Stargate  
  164  11:00  Adept x4  
  164  11:03  Pylon  
  172  11:05  Pylon  
  172  11:06  Pylon x2  
  172  11:10  Protoss Air Weapons Level 2  
  171  11:36  Nexus, High Templar x2  
  175  11:40  Pylon  
  175  11:44  Adept x3  
  181  11:48  Pylon  
  181  11:49  Pylon  
  181  11:58  Carrier  
  187  12:08  Photon Cannon  
  187  12:10  Observer, Photon Cannon  
  187  12:13  Photon Cannon  
  187  12:14  Carrier  
  194  12:19  Adept  
  196  12:53  Protoss Ground Weapons Level 2 (Chrono Boost)  
  196  12:56  Photon Cannon  
  196  12:57  Photon Cannon  
  196  12:58  Nexus  
  196  13:01  Pylon  
  196  13:02  Pylon  
  142  13:46  Carrier x2  
  146  13:57  Carrier  
  152  14:06  Adept  
  152  14:07  Adept x6  
  154  14:27  High Templar x3  
  154  14:30  High Templar  
  162  14:46  High Templar x2  
  162  14:47  Assimilator  
  162  14:50  High Templar  
  162  14:51  Assimilator  
  168  14:55  Photon Cannon  
  168  14:57  Photon Cannon  
  168  15:01  Stargate  
  168  15:02  Stargate  
  168  15:04  Adept x3  
  168  15:05  Adept  
  176  15:13  Protoss Ground Weapons Level 3 (Chrono Boost)  
  188  15:15  Protoss Air Weapons Level 3  
  188  15:24  Tempest x2  
  184  15:30  Adept x5  
  194  15:45  Observer  
  161  16:26  Archon  
  161  16:28  Archon  
  137  16:35  Tempest x2  
  137  16:38  Adept  
  137  16:39  Adept x6  
  141  16:41  Probe  
  141  16:42  Blink  
  141  16:45  Tempest (Chrono Boost)  
  141  16:46  Gateway  
  132  16:49  Probe  
  132  16:51  Gateway  
  133  16:59  High Templar x2  
  133  17:00  High Templar x5  
  147  17:03  Archon  
  147  17:04  Archon x2  
  165  17:26  Oracle (Chrono Boost)  
  168  17:31  Carrier x2 (Chrono Boost)  
  168  17:33  Adept, Carrier (Chrono Boost)  
  168  17:34  Adept x3  
  168  17:35  Adept  
  184  17:55  Adept  
  184  17:56  Adept x4  
  192  18:02  Carrier (Chrono Boost)  
  191  18:18  Tempest (Chrono Boost)  
  174  18:27  Adept  
  174  18:28  Adept x3  
  174  18:30  Stalker  
  174  18:31  Stalker x2  
  138  18:58  Carrier (Chrono Boost)  
  144  19:09  Adept  
  146  19:10  Adept x6, Carrier (Chrono Boost)  
  136  19:38  High Templar  
  138  19:42  Tempest (Chrono Boost)  
  138  19:54  Nexus  
  138  19:55  High Templar  
  138  19:57  High Templar  
  142  20:01  Archon  
  142  20:17  Pylon  
  142  20:19  Pylon  
  146  20:27  Tempest (Chrono Boost)  
  146  20:35  Adept x2  
  146  20:39  Photon Cannon  
  146  20:40  Photon Cannon  
  150  21:21  Adept x5  
  150  21:22  Adept x2  
  150  21:23  Nexus  
  150  21:25  Pylon  
  164  21:26  Pylon  
  164  21:37  Assimilator  
  164  21:41  Assimilator  
  164  21:43  High Templar  
  164  21:44  High Templar  
  168  21:49  Assimilator  
  168  21:53  Assimilator  
  168  21:54  Stalker x3  
  179  22:01  Tempest (Chrono Boost)  
  179  22:02  Tempest (Chrono Boost)  
  179  22:22  High Templar  
  179  22:23  High Templar  
  184  22:48  Adept x5, Oracle (Chrono Boost)  
  194  22:56  Nexus, High Templar  
  196  23:02  High Templar  
  197  23:08  High Templar  
  199  23:22  Pylon  
  199  23:25  Pylon  
  194  24:14  Adept  
  194  24:15  Adept x3  
  194  24:16  Adept x2  
  146  24:26  Archon  
  146  24:27  Adept  
  132  24:35  Adept x2  
  132  24:36  Adept x3  
  140  24:48  Tempest (Chrono Boost)  
  160  24:53  Tempest x4 (Chrono Boost)  
  160  24:54  High Templar x2  
  160  24:56  Assimilator  
  160  24:58  Protoss Ground Armor Level 2, Assimilator  
  164  25:01  Protoss Air Armor Level 1, Photon Cannon  
  164  25:03  Photon Cannon  
  164  25:05  Adept x5  
  164  25:06  Photon Cannon  
  174  25:14  High Templar  
  176  25:24  High Templar  
  178  25:34  Adept  
  178  25:35  Adept x5  
  193  25:52  Oracle (Chrono Boost)  
  193  25:56  Tempest (Chrono Boost)  
  197  26:05  High Templar  
  197  26:07  High Templar  
  199  26:15  High Templar  
  199  26:18  Observer  
  200  26:19  Nexus  
  193  26:45  Adept x3  
  193  26:46  Adept x2  
  188  26:47  Archon  
  173  27:04  Adept x3  
  169  27:26  Probe  
  170  27:31  High Templar x2  
  170  27:32  Adept x4  
  181  27:46  Nexus  
  161  28:12  Carrier (Chrono Boost)  
  191  28:18  Stalker x4  
  176  28:22  Carrier x2 (Chrono Boost)  
  176  28:23  Carrier x2 (Chrono Boost)  
  165  28:35  Adept x4  
  172  28:54  Assimilator  
  172  28:58  Assimilator  
  172  29:14  Adept x4  
  180  29:26  Carrier (Chrono Boost)  
  198  29:40  Probe  
  199  29:46  Probe  
  199  29:48  Carrier x2 (Chrono Boost)  
  200  30:15  Pylon  
  200  30:17  Pylon  
  196  30:21  High Templar x2  
  196  30:23  Photon Cannon  
  196  30:25  Photon Cannon  
  200  30:50  Protoss Air Armor Level 2  
  200  30:52  Protoss Shields Level 1  
  196  31:33  High Templar  
  196  31:34  High Templar  
  196  31:35  Nexus  
  196  31:36  Pylon  
  196  31:39  Pylon  
  195  32:26  Adept x2  
  199  32:33  Mothership Core  
  175  32:54  Adept x6  
  175  32:55  Adept x2  
  131  33:09  Stalker  
  131  33:25  Tempest x3 (Chrono Boost)  
  131  33:31  Probe  
  131  33:32  Probe  
  131  33:33  High Templar x2  
  137  33:34  High Templar  
  137  33:35  Stalker x6  
  157  33:53  Carrier (Chrono Boost)  
  157  33:58  Adept  
  157  33:59  Adept x4  
  165  34:11  Stalker x2  
  165  34:31  Adept x5  
  157  34:34  High Templar  
  157  34:35  High Templar  
  165  35:11  Adept  
  165  35:12  Adept x2  
  175  35:22  Tempest (Chrono Boost)  
  175  35:36  Adept x2  
  106  36:17  Probe  
  92  36:18  Assimilator  
  92  36:19  Probe  
  90  36:40  Adept x2  
  90  36:41  Zealot x2  
  88  37:00  Adept x2  
  78  37:18  Probe, Adept  
  78  37:20  Probe  
  74  37:35  Adept x2  
  59  37:53  Adept x2  
Tags
 
Add a new tag
Caveats
  • Supply blocks, unpowered buildings, or Contaminate may cause inaccurate times.
  • Supply counts are checked every 10 seconds.